 Dungeon Crawl Stone Soup version 0.32-a0-422-g28b100f618 (webtiles) character file.

Game seed: 6091924018532239826

35 sleeves the Gusty (level 3, -1/31 HPs)
             Began as an Oni Air Elementalist on Feb 22, 2024.
             Slain by a quokka (3 damage)
             ... on level 3 of the Dungeon.
             The game lasted 00:03:16 (950 turns).

sleeves the Gusty (Oni Air Elementalist)             Turns: 950, Time: 00:03:16

Health: -1/31      AC:  3    Str: 12    XL:     3   Next: 35%
Magic:  1/6        EV:  9    Int: 18    God:
Gold:   35         SH:  0    Dex:  9    Spells: 5/6 levels left

rFire   . . .        g - +1 short sword (venom)
rCold   . . .        (no shield)
rNeg    . . .        a - +0 robe
rPois   .            (helmet restricted)
rElec   .            (no cloak)
rCorr   .            (gloves unavailable)
SInv    .            (boots unavailable)
Will    .....        (no amulet)
Stlth   +            (no ring)
HPRegen 0.25/turn    (no ring)
MPRegen 0.10/turn

%: no passive effects
@: very slightly contaminated
A: large, unfitting armour, horns 1, tough skin 1, double potion healing,
drunken brawling
a: no special abilities


You were on level 3 of the Dungeon.
You visited 1 branch of the dungeon, and saw 3 of its levels.

You collected 35 gold pieces.

Inventory:

Hand Weapons
 g - a +1 short sword of venom (weapon)
   (You took it off a kobold on level 1 of the Dungeon)
Missiles
 f - 6 poisoned darts
Armour
 a - a +0 robe (worn)
 c - a scarf of shadows
   (You found it on level 1 of the Dungeon)
Scrolls
 d - a scroll of enchant weapon {unknown}
 e - a scroll of fear {unknown}
Potions
 b - a potion of magic


   Skills:
 - Level 1.7 Dodging
 - Level 1.4 Stealth
 - Level 2.4 Spellcasting
 - Level 0.8 Conjurations
 + Level 3.9 Air Magic


You had 5 spell levels left.
You knew the following spells:

 Your Spells              Type           Power      Damage    Failure   Level
a - Shock                 Conj/Air       40%        1d5       6%          1

Your spell library contained the following spells:

 Spells                   Type           Power      Damage    Failure   Level
 Static Discharge         Conj/Air       20%        3-4/arc   10%         2
 Swiftness                Air            16%        N/A       10%         3
 Airstrike                Air            8%         2d(2-18)  32%         4


Dungeon Overview and Level Annotations

Branches:
Dungeon (3/15)

Altars:

Annotations:
D:2 Terence


Innate Abilities, Weirdness & Mutations

You are too large for most types of armour.
You have a pair of small horns on your head.
You have tough skin. (AC +1)
You gain doubled healing and magic from potions.
Whenever you drink a healing potion, you attack all around you.


Message History

Welcome, sleeves the Oni Air Elementalist.
Below lies the Orb of Zot, rumoured to be powerful enough to resurrect a god...
Press ? for a list of commands and other information.
Found an escape hatch in the floor.
Found a staircase leading out of the dungeon.
Okay, then.
A ball python comes into view.
The ball python hisses angrily.
A giant cockroach comes into view.
A frilled lizard comes into view.
The ball python moves out of view.
There are monsters nearby!
There are monsters nearby!
The zap misses the frilled lizard.
The frilled lizard hisses angrily.
The ball python bites you.
You hit the ball python.
You kill the ball python!
The zap hits the giant cockroach but does no damage.
The zap hits the frilled lizard.
You kill the frilled lizard!
The zap hits the giant cockroach.
The giant cockroach is heavily wounded.
The zap hits the giant cockroach but does no damage.
The giant cockroach is heavily wounded.
The giant cockroach bites you but does no damage.
You barely miss the giant cockroach.
The giant cockroach is heavily wounded.
The giant cockroach bites you.
You closely miss the giant cockroach.
The giant cockroach is heavily wounded.
The giant cockroach closely misses you.
You closely miss the giant cockroach.
The giant cockroach is heavily wounded.
The giant cockroach bites you but does no damage.
You hit the giant cockroach but do no damage.
The giant cockroach is heavily wounded.
The giant cockroach bites you but does no damage.
You closely miss the giant cockroach.
Your headbutt misses the giant cockroach.
The giant cockroach is heavily wounded.
The giant cockroach bites you.
The giant cockroach bites you but does no damage.
You hit the giant cockroach but do no damage.
The giant cockroach is heavily wounded.
The giant cockroach bites you but does no damage.
You barely miss the giant cockroach.
The giant cockroach is heavily wounded.
The giant cockroach bites you but does no damage.
You closely miss the giant cockroach.
Your headbutt misses the giant cockroach.
The giant cockroach is moderately wounded.
The giant cockroach closely misses you.
The zap hits the giant cockroach but does no damage.
The giant cockroach is moderately wounded.
The giant cockroach bites you but does no damage.
You are out of magic!
You closely miss the giant cockroach.
The giant cockroach is moderately wounded.
The giant cockroach barely misses you. The giant cockroach closely misses you.
You hit the giant cockroach but do no damage.
You headbutt the giant cockroach.
The giant cockroach is severely wounded.
The giant cockroach barely misses you.
You barely miss the giant cockroach.
The giant cockroach is severely wounded.
The giant cockroach bites you but does no damage.
You hit the giant cockroach but do no damage.
The giant cockroach is severely wounded.
The giant cockroach closely misses you.
You hit the giant cockroach but do no damage.
The giant cockroach is severely wounded.
The giant cockroach bites you but does no damage.
You hit the giant cockroach.
The giant cockroach is almost dead.
The giant cockroach bites you but does no damage.
The giant cockroach bites you.
You closely miss the giant cockroach.
The giant cockroach is almost dead.
The giant cockroach bites you but does no damage.
You barely miss the giant cockroach.
The giant cockroach is almost dead.
The giant cockroach bites you but does no damage.
You closely miss the giant cockroach.
The giant cockroach is almost dead.
The giant cockroach bites you.
You closely miss the giant cockroach.
The giant cockroach is almost dead.
The giant cockroach bites you but does no damage.
You hit the giant cockroach.
You kill the giant cockroach!
Your Air Magic skill increases to level 3!
No target in view!
No target in view!
No target in view!
Magic restored.
You see here a giant cockroach corpse.
You see here a frilled lizard corpse.
You see here a frilled lizard corpse.
Found 3 stones.
A frilled lizard comes into view.
A frilled lizard is nearby!
A frilled lizard is nearby!
The zap hits the frilled lizard.
You kill the frilled lizard!
You now have 3 gold pieces.
Found a robe.
A bat comes into view.
A bat is nearby!
A bat is nearby!
The zap hits the bat.
The bat is moderately wounded.
The zap misses the bat.
The zap misses the bat.
The bat barely misses you. The bat hits you but does no damage.
You hit the bat but do no damage.
The bat is moderately wounded.
The bat hits you but does no damage. The bat barely misses you.
The bat hits you but does no damage.
You hit the bat but do no damage.
The bat is moderately wounded.
The bat hits you but does no damage.
You hit the bat. Your headbutt misses the bat.
The bat is severely wounded.
The bat hits you but does no damage. The bat hits you but does no damage.
You hit the bat but do no damage.
The bat is severely wounded.
The bat barely misses you. The bat misses you. The bat barely misses you.
You hit the bat but do no damage.
The bat is severely wounded.
The bat hits you but does no damage. The bat hits you.
You barely miss the bat.
The bat is heavily wounded.
The bat hits you. The bat hits you but does no damage. The bat hits you.
You hit the bat.
You kill the bat!
You have reached level 2!
HP restored.
A gnoll and a goblin come into view.
The gnoll shouts!
The goblin shouts!
There are monsters nearby!
There are monsters nearby!
There are monsters nearby!
The gnoll attacks as it pursues you!
The gnoll hits you from afar with a +0 spear.
You see here a giant cockroach corpse.
A gnoll is nearby!
A gnoll is nearby!
There is an escape hatch in the floor here.
You slide downwards.
The hatch slams shut behind you.
A ball python comes into view.
The ribbon worm expels a string of sticky webbing.
The stream of webbing hits you but does no damage.
You are caught in a web!
There is a web here.
The web tears apart.
The ball python hisses angrily.
The ball python bites you. The ball python closely misses you.
The ball python bites you but does no damage.
You closely miss the ball python. The ball python barely misses you.
You hit the ball python.
The ball python is severely wounded.
The ball python bites you.
You barely miss the ball python.
The ball python is severely wounded.
The ball python bites you.
The ball python bites you but does no damage.
You hit the ball python.
You kill the ball python!
The ribbon worm expels a string of sticky webbing.
The stream of webbing hits you but does no damage.
You are caught in a web!
The web tears apart.
Casting: Shock (safe; 9% risk of failure)
Confirm with . or Enter, or press ? or * to list all spells.
Aiming: Shock (safe; 9% risk of failure)
Press: ? - help, Shift-Dir - straight line
Okay, then.
Casting: Shock (safe; 9% risk of failure)
Confirm with . or Enter, or press ? or * to list all spells.
Aiming: Shock (safe; 9% risk of failure)
Press: ? - help, Shift-Dir - straight line You miscast Shock.
You are very lightly contaminated with residual magic.
Nothing appears to happen.
The ribbon worm bites you!
Casting: Shock (safe; 9% risk of failure)
Confirm with . or Enter, or press ? or * to list all spells.
Aiming: Shock (safe; 9% risk of failure)
Press: ? - help, Shift-Dir - straight line The zap hits the ribbon worm.
The ribbon worm is lightly wounded.
The zap hits the ribbon worm.
The ribbon worm is moderately wounded.
Casting: Shock (safe; 9% risk of failure)
Confirm with . or Enter, or press ? or * to list all spells.
Aiming: Shock (safe; 9% risk of failure)
Press: ? - help, Shift-Dir - straight line You miscast Shock.
Nothing appears to happen.
The ribbon worm bites you.
* * * LOW HITPOINT WARNING * * *
Casting: Shock (safe; 9% risk of failure)
Confirm with . or Enter, or press ? or * to list all spells.
Aiming: Shock (safe; 9% risk of failure)
Press: ? - help, Shift-Dir - straight line The zap misses the ribbon worm.
The zap hits the ribbon worm.
The ribbon worm is moderately wounded.
The ribbon worm bites you.
* * * LOW HITPOINT WARNING * * *
Casting: Shock (safe; 9% risk of failure)
Confirm with . or Enter, or press ? or * to list all spells.
Aiming: Shock (safe; 9% risk of failure)
Press: ? - help, Shift-Dir - straight line The zap hits the ribbon worm.
The ribbon worm is heavily wounded.
The zap hits the ribbon worm.
The ribbon worm is heavily wounded.
* * * LOW MAGIC WARNING * * *
The ribbon worm barely misses you.
The ribbon worm expels a string of sticky webbing.
The stream of webbing misses you.
Found a twisted sling.
You see here the +1 sling of a treasure trove {antimagic, rPois}.
Your magical contamination has completely faded away.
A ribbon worm is nearby!
A ribbon worm is nearby!
You see here a ball python corpse.
A goblin comes into view. It is wielding a +0 club.
A bat comes into view.
Found a stone staircase leading up.
The bat hits you but does no damage. The bat closely misses you.
You closely miss the bat. The bat hits you. The bat hits you.
The bat barely misses you.
You barely miss the bat. The bat closely misses you.
The bat hits you but does no damage. The bat hits you but does no damage.
There is a stone staircase leading up here.
The bat hits you.
You climb upwards.
Found a ring mail.
There is a stone staircase leading down here.
HP restored.
c - a scarf of shadows
Okay, then.
Found a ring mail.
A giant cockroach comes into view.
A giant cockroach is nearby!
The zap hits the giant cockroach.
The giant cockroach is moderately wounded.
The zap hits the giant cockroach.
The giant cockroach is severely wounded.
A goblin comes into view. It is wielding a +0 dagger.
The zap hits the giant cockroach.
You kill the giant cockroach!
The goblin shouts!
A goblin is nearby!
The zap hits the goblin.
You kill the goblin!
Magic restored.
You see here a +0 ring mail.
A giant cockroach comes into view.
The zap hits the giant cockroach.
The giant cockroach is severely wounded.
The zap hits the giant cockroach.
The giant cockroach is almost dead.
A giant cockroach is nearby!
The zap hits the giant cockroach.
You kill the giant cockroach!
Found a stone staircase leading down.
Found 6 stones.
There is a stone staircase leading down here.
You now have 15 gold pieces (gained 12).
d - a scroll labelled ALYAPP VASSEKH As you open the door, it creaks loudly!
There is an open door here.
There is an open door here.
e - a scroll labelled DUTARU VAIJEPP
Found a short sword.
You open the door.
A kobold comes into view. It is wielding a +0 club.
There is an open door here.
The zap hits the kobold.
You kill the kobold!
A hobgoblin comes into view.
The hobgoblin shouts!
A hobgoblin is nearby!
A hobgoblin is nearby!
The zap hits the hobgoblin.
The hobgoblin is lightly wounded.
The zap hits the hobgoblin.
The hobgoblin is almost dead.
The zap hits the hobgoblin.
You kill the hobgoblin!
You now have 24 gold pieces (gained 9).
Found 6 poisoned darts.
You now have 26 gold pieces (gained 2).
Found a stone staircase leading down.
You see here 6 poisoned darts.
You now have 35 gold pieces (gained 9).
A kobold comes into view.
It is wielding a +1 short sword of venom.
The kobold shouts!
The zap hits the kobold but does no damage.
A giant cockroach comes into view.
The zap hits the kobold.
You kill the kobold!
The zap hits the giant cockroach.
You kill the giant cockroach!
A dart slug comes into view.
The zap hits the dart slug.
The dart slug is heavily wounded.
The zap hits the dart slug.
You kill the dart slug!
You have reached level 3!
Your experience leads to an increase in your attributes!
Increase (S)trength, (I)ntelligence, or (D)exterity?
You feel clever. x2; You feel stronger.
You see here 6 poisoned darts.
f - 6 poisoned darts You start resting.
A goblin is nearby!
Magic restored.
Things that are here:
a +1 short sword of venom; a kobold corpse
Things that are here:
a +1 short sword of venom; a kobold corpse
g - a +1 short sword of venom Your +1 short sword of venom begins to drip with poison!
g - a +1 short sword of venom (weapon)
You see here a giant cockroach corpse.
Found 6 stones.
A goblin is nearby!
The goblin shouts!
The goblin closely misses you.
You barely miss the goblin. The goblin hits you with a +0 dagger.
You closely miss the goblin. The goblin hits you with a +0 dagger.
You barely miss the goblin. The goblin hits you but does no damage.
You hit the goblin.
You kill the goblin!
No target in view!
No target in view!
HP restored.
Found an escape hatch in the floor.
Found a scale mail.
A rat comes into view.
A rat is nearby!
A hobgoblin comes into view.
The rat barely misses you.
You hit the rat.
The rat is poisoned.
The rat is severely wounded.
You kill the rat!
You closely miss the hobgoblin. Your headbutt misses the hobgoblin.
The hobgoblin barely misses you.
You barely miss the hobgoblin.
You headbutt the hobgoblin, but do no damage.
The hobgoblin hits you.
You hit the hobgoblin.
The hobgoblin is severely wounded.
The hobgoblin hits you but does no damage.
You closely miss the hobgoblin.
The hobgoblin is severely wounded.
The hobgoblin hits you.
You barely miss the hobgoblin.
The hobgoblin is severely wounded.
The hobgoblin closely misses you.
You hit the hobgoblin.
The hobgoblin is poisoned.
The hobgoblin is almost dead.
The hobgoblin hits you but does no damage.
You hit the hobgoblin but do no damage.
The hobgoblin looks as sick as possible!
The hobgoblin is almost dead.
You kill the hobgoblin!
No target in view!
No target in view!
No target in view!
No target in view!
No target in view!
No target in view!
You see here a +0 scale mail.
You open the door.
There is an open door here.
You open the door.
There is an open door here.
There is an open door here.
There is an open door here.
You see here 6 stones.
You see here a +0 robe.
Done exploring.
Done exploring.
Done exploring.
Done exploring.
There is a stone staircase leading down here.
You climb downwards.
The bat hits you. The bat closely misses you.
There is a stone staircase leading up here.
Casting: Shock (safe; 7% risk of failure)
Confirm with . or Enter, or press ? or * to list all spells.
Aiming: Shock (safe; 7% risk of failure)
Press: ? - help, Shift-Dir - straight line The zap hits the bat.
The bat is severely wounded.
The zap hits the ribbon worm.
The ribbon worm is lightly wounded.
The bat hits you. The bat hits you but does no damage.
Terence and a hobgoblin come into view.
Terence is wielding a +0 falchion and carrying a wand of flame.
The bat hits you.
You hit the bat.
You kill the bat!
The ribbon worm expels a string of sticky webbing.
The stream of webbing hits you but does no damage.
You are caught in a web!
You struggle to detach yourself from the web.
Terence shouts!
The hobgoblin shouts!
Terence says, "Did you write a will?
You should..."
The ribbon worm expels a string of sticky webbing.
The stream of webbing hits you but does no damage.
You are even more entangled.
The web tears apart.
You hit the ribbon worm.
The ribbon worm is poisoned.
You headbutt the ribbon worm, but do no damage.
The ribbon worm is moderately wounded.
The ribbon worm bites you!
You hit the ribbon worm.
The ribbon worm looks as sick as possible!
The ribbon worm is moderately wounded.
Terence zaps a wand.
The puff of flame hits you.
The ribbon worm attacks as it pursues you!
The ribbon worm bites you.
* * * LOW HITPOINT WARNING * * *
The ribbon worm attacks as it pursues you!
The ribbon worm bites you but does no damage.
Found 9 gold pieces.
The hobgoblin attacks as it pursues you!
The hobgoblin closely misses you.
The hobgoblin attacks as it pursues you!
The hobgoblin hits you.
* * * LOW HITPOINT WARNING * * *
The ribbon worm expels a string of sticky webbing.
The stream of webbing misses you.
The hobgoblin attacks as it pursues you!
The hobgoblin hits you.
* * * LOW HITPOINT WARNING * * *
The hobgoblin attacks as it pursues you!
The hobgoblin hits you.
* * * LOW HITPOINT WARNING * * *
You aren't carrying any items that you can evoke.
Okay, then.
The hobgoblin attacks as it pursues you!
The hobgoblin hits you.
* * * LOW HITPOINT WARNING * * *
The hobgoblin attacks as it pursues you!
The hobgoblin hits you but does no damage.
Found a stone staircase leading down.
Terence says, "Did you write a will?
You should..."
The hobgoblin attacks as it pursues you!
The hobgoblin hits you.
* * * LOW HITPOINT WARNING * * *
The hobgoblin attacks as it pursues you!
The hobgoblin barely misses you.
There is a stone staircase leading down here.
The hobgoblin hits you.
* * * LOW HITPOINT WARNING * * *
You climb downwards.
Found a scroll labelled DISAESHUMENT.
Found a stone staircase leading down.
There is a stone staircase leading up here.
Casting: Shock (safe; 6% risk of failure)
Confirm with . or Enter, or press ? or * to list all spells.
Aiming: Shock (safe; 6% risk of failure)
Press: ? - help, Shift-Dir - straight line, f - hobgoblin
Aim: a hobgoblin (68% to hit)
The zap hits the hobgoblin.
The hobgoblin is severely wounded.
The hobgoblin hits you.
* * * LOW HITPOINT WARNING * * *
Casting: Shock (safe; 6% risk of failure)
Confirm with . or Enter, or press ? or * to list all spells.
Aiming: Shock (safe; 6% risk of failure)
Press: ? - help, Shift-Dir - straight line, f/p - hobgoblin
Aim: a hobgoblin (severely wounded, 68% to hit)
You miscast Shock.
You are very lightly contaminated with residual magic.
Nothing appears to happen.
The hobgoblin closely misses you.
Casting: Shock (safe; 6% risk of failure)
Confirm with . or Enter, or press ? or * to list all spells.
Aiming: Shock (safe; 6% risk of failure)
Press: ? - help, Shift-Dir - straight line, f/p - hobgoblin
Aim: a hobgoblin (severely wounded, 68% to hit)
The zap hits the hobgoblin.
You kill the hobgoblin!
Casting: Shock (safe; 6% risk of failure)
Confirm with . or Enter, or press ? or * to list all spells.
Aiming: Shock (safe; 6% risk of failure)
Press: ? - help, Shift-Dir - straight line, f - quokka
Aim: a quokka (56% to hit)
The zap misses the quokka.
Casting: Shock (safe; 6% risk of failure)
Confirm with . or Enter, or press ? or * to list all spells.
Aiming: Shock (safe; 6% risk of failure)
Press: ? - help, Shift-Dir - straight line, f/p - quokka
Aim: a quokka (56% to hit)
The zap misses the quokka.
The quokka bites you.
You die...

## .. # #. .#
#. #. ..
##..##.###.#.##
...?....>.....#
......r@†......
....##.#####...
. #. #. #. ..
#. ##


You could see a quokka.

Vanquished Creatures
  A dart slug (D:1)
  2 bats
  4 giant cockroaches (D:1)
  2 goblins (D:1)
  3 hobgoblins
  2 ball pythons
  2 frilled lizards (D:1)
  2 kobolds (D:1)
  A rat (D:1)
19 creatures vanquished.

Notes
Turn   | Place    | Note
-------+----------+-------------------------------------------
     0 | D:1      | sleeves the Oni Air Elementalist began the quest for the
                  | Orb.
     0 | D:1      | Reached XP level 1. HP: 16/16 MP: 3/3
    41 | D:1      | Reached skill level 3 in Air Magic
   123 | D:1      | Reached XP level 2. HP: 21/24 MP: 1/5
   219 | D:2      | HP: 10/24 [ribbon worm (6)]
   229 | D:2      | Identified the +1 sling of a treasure trove {antimagic,
                  | rPois}
   633 | D:1      | Reached XP level 3. HP: 31/31 MP: 1/6
   915 | D:2      | Noticed Terence
   921 | D:2      | HP: 11/31 [ribbon worm (6)]
   930 | D:2      | HP: 11/31 [hobgoblin (1)]
   938 | D:2      | HP: 5/31 [hobgoblin (3)]
   944 | D:2      | HP: 4/31 [hobgoblin (3)]
   946 | D:3      | HP: 1/31 [hobgoblin (3)]
   950 | D:3      | Slain by a quokka

Illustrated notes

Levels and vault maps discovered:
D:1:      dpeg_arrival_long_road, layout_basic, kennysheep_nondescript,
          minmay_misc_feat_columns
D:2:      layout_loops_cross, chequers_big_river, chequers_mini_garden,
          uniq_natasha, uniq_terence
D:3:      layout_loops_ring, chequers_serial_rivers_room_a

Skill      XL: |  1 |
---------------+----+-----
Air Magic      | 3 |  3.9
Dodging        | |  1.7
Stealth        | |  1.4
Spellcasting   | |  2.4
Conjurations   | |  0.8

Action                     || total
---------------------------++-------
  Melee: Unarmed           ||    33
         Headbutt          ||     3
         Short sword       ||    15
   Cast: Shock             ||    31
 Armour: Robe              ||    68
  Dodge: Dodged            ||    27

Table legend: (Time is in decaauts)
 A = Elapsed time spent in this place.
 B = Non-inter-level travel time spent in this place.
 C = Inter-level travel time spent in this place.
 D = Time resting spent in this place.
 E = Time spent auto-exploring this place.
 F = Levels seen in this place.
 G = Mean time per level.
                   A        B        C        D        E       F      G
               +--------+--------+--------+--------+--------+-----+--------+
         Total |    949 |    900 |     49 |     36 |    609 |   3 |  316.3 |
       Dungeon |    949 |    900 |     49 |     36 |    609 |   3 |  316.3 |
               +--------+--------+--------+--------+--------+-----+--------+

Top non-repeatable levels by time:
     D:1: 834 daAuts
     D:2: 110 daAuts
     D:3: 4 daAuts
